PL
ATHLETIC CLUB KC @ OAKLAND OAKS
10/01/2027
 
TOP OF THE 1ST
Athletic Club KC batting - Pitching for Oakland Oaks : RHP Mimosa Joseph
Pitching: RHP Mimosa Joseph
Batting: RHB Pil-joong Pak 0-0: Called Strike
0-1: Called Strike
0-2: Ball
1-2: Strikes out swinging
Batting: RHB Dong-min Cho 0-0: Ball
1-0: Called Strike
1-1: Ball
2-1: Called Strike
2-2: Ground out 4-3 (Groundball, 4M)
Batting: RHB David Edwards 0-0: Fly out, F7 (Flyball, 78S)
Top of the 1st over - 0 run(s), 0 hit(s), 0 error(s), 0 left on base; Athletic Club KC 0 - Oakland 0
BOTTOM OF THE 1ST
Oakland Oaks batting - Pitching for Athletic Club KC : RHP Juan Torres
Pitching: RHP Juan Torres
Batting: SHB Orlando Villa 0-0: Foul Ball, location: 2F
0-1: Ball
1-1: Foul Ball, location: 2F
1-2: Fly out, F4 (Popup, 4)
Batting: LHB Todd Henry 0-0: Ball
1-0: SINGLE (Line Drive, 4M)
Batting: LHB Jorge Vargas 0-0: Foul Ball, location: 2F
0-1: Swinging Strike
0-2: Grounds into double play, 6-4-3 (Groundball, 6)
Bottom of the 1st over - 0 run(s), 1 hit(s), 0 error(s), 0 left on base; Athletic Club KC 0 - Oakland 0
TOP OF THE 2ND
Athletic Club KC batting - Pitching for Oakland Oaks : RHP Mimosa Joseph
Batting: SHB Pedro Vázquez 0-0: Foul Ball, location: 2F
0-1: Ball
1-1: Ball
2-1: Ball
3-1: Foul Ball, location: 2F
3-2: SINGLE (Groundball, 6) (infield hit)
Batting: RHB Todd Blake 0-0: Ball
1-0: Ball
2-0: Ball
3-0: Base on Balls
Pedro Vázquez to second
Batting: LHB Michael Neely 0-0: Ball
1-0: Called Strike
1-1: Swinging Strike
1-2: Strikes out looking
Batting: SHB Eric Moore 0-0: SINGLE (Groundball, 4S) (infield hit)
Pedro Vázquez to third
Todd Blake to second
Batting: RHB Allen Williams 0-0: SINGLE (Line Drive, 3D)
Pedro Vázquez scores
Todd Blake to third
Eric Moore to second
Batting: RHB Rick Atkinson 0-0: Fly out, F9 (Flyball, 9LSF)
Runner from 3rd tags up, SCORES, no throw
Batting: RHB Pil-joong Pak 0-0: Ball
1-0: Ball
2-0: Fielders Choice at 2nd, 6-4 (Groundball, 6)
Top of the 2nd over - 2 run(s), 3 hit(s), 0 error(s), 1 left on base; Athletic Club KC 2 - Oakland 0
BOTTOM OF THE 2ND
Oakland Oaks batting - Pitching for Athletic Club KC : RHP Juan Torres
Batting: RHB Micah Coffey 0-0: Called Strike
0-1: Ball
1-1: Ball
2-1: Swinging Strike
2-2: Ball
3-2: Fly out, F6 (Line Drive, 6)
Batting: LHB Edwin Church 0-0: Ground out 3-1 (Groundball, 34)
Batting: RHB Simon Yusaf Khel 0-0: Ground out 6-3 (Groundball, 6)
Bottom of the 2nd over - 0 run(s), 0 hit(s), 0 error(s), 0 left on base; Athletic Club KC 2 - Oakland 0
TOP OF THE 3RD
Athletic Club KC batting - Pitching for Oakland Oaks : RHP Mimosa Joseph
Batting: RHB Dong-min Cho 0-0: Ball
1-0: Ball
2-0: Ball
3-0: Called Strike
3-1: Ground out 6-3 (Groundball, 6)
Batting: RHB David Edwards 0-0: Ball
1-0: Called Strike
1-1: Called Strike
1-2: Ball
2-2: Fly out, F6 (Popup, 6MD)
Batting: SHB Pedro Vázquez 0-0: Ball
1-0: Fly out, F7 (Flyball, 78M)
Top of the 3rd over - 0 run(s), 0 hit(s), 0 error(s), 0 left on base; Athletic Club KC 2 - Oakland 0
BOTTOM OF THE 3RD
Oakland Oaks batting - Pitching for Athletic Club KC : RHP Juan Torres
Batting: SHB Joaquín Reyes 0-0: SINGLE (Groundball, 6D)
Batting: SHB Luis Luquín 0-0: Ball
1-0: Ball
2-0: SINGLE (Line Drive, 7LS)
Joaquín Reyes to second
Batting: LHB Bryce Reilly 0-0: Ball
1-0: Ball
2-0: Called Strike
2-1: Ball
3-1: Fielders Choice at 2nd, 3-6 (Groundball, 34)
Joaquín Reyes to third
Batting: SHB Orlando Villa 0-0: Ball
1-0: Ball
2-0: Ball
3-0: Called Strike
3-1: Base on Balls
Bryce Reilly to second
Batting: LHB Todd Henry 0-0: Ball
1-0: Foul Ball, location: 2F
1-1: Ball
2-1: Ball
3-1: Called Strike
3-2: Base on Balls
Joaquín Reyes scores
Bryce Reilly to third
Orlando Villa to second
Batting: LHB Jorge Vargas 0-0: Foul Ball, location: 2F
0-1: Swinging Strike
0-2: Ball
1-2: Ball
2-2: Fly out, F7 (Flyball, 7S)
Batting: RHB Micah Coffey 0-0: Called Strike
0-1: Ball
1-1: Swinging Strike
1-2: Foul Ball, location: 2F
1-2: Fielders Choice at 2nd, 6-4 (Groundball, 6)
Bottom of the 3rd over - 1 run(s), 2 hit(s), 0 error(s), 2 left on base; Athletic Club KC 2 - Oakland 1
TOP OF THE 4TH
Athletic Club KC batting - Pitching for Oakland Oaks : RHP Mimosa Joseph
Batting: RHB Todd Blake 0-0: Ball
1-0: Ball
2-0: Ball
3-0: Base on Balls
Batting: LHB Michael Neely 0-0: Foul Ball, location: 2F
0-1: Ball
1-1: Fly out, F8 (Flyball, 8LS)
Batting: SHB Eric Moore 0-0: Ball
1-0: Hit by Pitch
Todd Blake to second
Batting: RHB Allen Williams 0-0: Called Strike
0-1: Called Strike
0-2: Ball
1-2: Foul Ball, location: 2F
1-2: Strikes out swinging
Batting: RHB Rick Atkinson 0-0: Ball
1-0: Called Strike
1-1: Ball
2-1: Foul Ball, location: 2F
2-2: Fielders Choice at 2nd, 4-6 (Groundball, 4)
Top of the 4th over - 0 run(s), 0 hit(s), 0 error(s), 1 left on base; Athletic Club KC 2 - Oakland 1
BOTTOM OF THE 4TH
Oakland Oaks batting - Pitching for Athletic Club KC : RHP Juan Torres
Batting: LHB Edwin Church 0-0: Ball
1-0: Called Strike
1-1: Ground out 4-3 (Groundball, 4MD)
Batting: RHB Simon Yusaf Khel 0-0: Ball
1-0: Ball
2-0: Ground out 5-3 (Groundball, 56S)
Batting: SHB Joaquín Reyes 0-0: Foul Ball, location: 2F
0-1: Foul Ball, location: 2F
0-2: SINGLE (Groundball, 4MD)
Batting: SHB Luis Luquín 0-0: Called Strike
0-1: Fly out, F7 (Flyball, 78M)
Bottom of the 4th over - 0 run(s), 1 hit(s), 0 error(s), 1 left on base; Athletic Club KC 2 - Oakland 1
TOP OF THE 5TH
Athletic Club KC batting - Pitching for Oakland Oaks : RHP Mimosa Joseph
Batting: RHB Pil-joong Pak 0-0: Called Strike
0-1: Foul Ball, location: 2F
0-2: Strikes out swinging, 2-3 out at first.
Batting: RHB Dong-min Cho 0-0: Called Strike
0-1: Ball
1-1: SINGLE (Line Drive, 56D)
Batting: RHB David Edwards 0-0: Ball
1-0: Ball
2-0: Fly out, F5 (Popup, 5S)
Batting: SHB Pedro Vázquez 0-0: Ball
1-0: Ground out U3 (Groundball, 3)
Top of the 5th over - 0 run(s), 1 hit(s), 0 error(s), 1 left on base; Athletic Club KC 2 - Oakland 1
BOTTOM OF THE 5TH
Oakland Oaks batting - Pitching for Athletic Club KC : RHP Juan Torres
Batting: LHB Bryce Reilly 0-0: Called Strike
0-1: Ball
1-1: Called Strike
1-2: Foul Ball, location: 2F
1-2: Foul Ball, location: 2F
1-2: Ball
2-2: Foul Ball, location: 2F
2-2: Ground out 3-1 (Groundball, 34)
Batting: SHB Orlando Villa 0-0: Ball
1-0: Called Strike
1-1: Ball
2-1: Called Strike
2-2: Strikes out swinging
Batting: LHB Todd Henry 0-0: Called Strike
0-1: Swinging Strike
0-2: Ground out 4-3 (Groundball, 4)
Bottom of the 5th over - 0 run(s), 0 hit(s), 0 error(s), 0 left on base; Athletic Club KC 2 - Oakland 1
TOP OF THE 6TH
Athletic Club KC batting - Pitching for Oakland Oaks : RHP Mimosa Joseph
Batting: RHB Todd Blake 0-0: Ball
1-0: Called Strike
1-1: Ball
2-1: Called Strike
2-2: Foul Ball, location: 2F
2-2: Ball
3-2: Foul Ball, location: 2F
3-2: Fly out, F5 (Line Drive, 56S)
Batting: LHB Michael Neely 0-0: Called Strike
0-1: Called Strike
0-2: Ball
1-2: Ball
2-2: Ball
3-2: Base on Balls
Batting: SHB Eric Moore 0-0: Ball
1-0: Called Strike
1-1: Foul Ball, location: 2F
1-2: Ball
2-2: Ball
3-2: Base on Balls
Michael Neely to second
Batting: RHB Allen Williams 0-0: Ball
1-0: Ball
2-0: Fly out, F9 (Line Drive, 9)
Pitching: RHP Seb Alport
Batting: RHB Rick Atkinson 0-0: Called Strike
0-1: Ball
1-1: Ball
2-1: Foul Ball, location: 2F
2-2: Ball
3-2: 3-RUN HOME RUN (Flyball, 7D), Distance : 410 ft
Batting: RHB Pil-joong Pak 0-0: Foul Ball, location: 2F
0-1: Ball
1-1: Ball
2-1: Ball
3-1: Foul Ball, location: 2F
3-2: Ground out 6-3 (Groundball, 6M)
Top of the 6th over - 3 run(s), 1 hit(s), 0 error(s), 0 left on base; Athletic Club KC 5 - Oakland 1
BOTTOM OF THE 6TH
Oakland Oaks batting - Pitching for Athletic Club KC : RHP Juan Torres
Batting: LHB Jorge Vargas 0-0: Ball
1-0: Called Strike
1-1: SINGLE (Flyball, 8RS)
Batting: RHB Micah Coffey 0-0: Ball
1-0: Foul Ball, location: 2F
1-1: Swinging Strike
1-2: Strikes out swinging
Batting: LHB Edwin Church 0-0: Ball
1-0: Fly out, F3 (Popup, 3S)
Batting: RHB Simon Yusaf Khel 0-0: Called Strike
0-1: Ball
1-1: Swinging Strike
1-2: Ball
2-2: SINGLE (Line Drive, 8LS)
Jorge Vargas to second
Runner from 2nd tries for 3rd, OUT!
Bottom of the 6th over - 0 run(s), 2 hit(s), 0 error(s), 1 left on base; Athletic Club KC 5 - Oakland 1
TOP OF THE 7TH
Athletic Club KC batting - Pitching for Oakland Oaks : RHP Seb Alport
Batting: RHB Dong-min Cho 0-0: Ball
1-0: Called Strike
1-1: Swinging Strike
1-2: Ball
2-2: Ground out 6-3 (Groundball, 6S)
Batting: RHB David Edwards 0-0: Called Strike
0-1: Ball
1-1: Ball
2-1: Swinging Strike
2-2: SOLO HOME RUN (Flyball, 7D), Distance : 386 ft
Pitching: RHP Carlos Martínez
Batting: SHB Pedro Vázquez 0-0: Ball
1-0: Called Strike
1-1: Swinging Strike
1-2: SINGLE (Line Drive, 7S)
Batting: RHB Todd Blake 0-0: Foul Ball, location: 2F
0-1: SINGLE (Line Drive, 78S)
Pedro Vázquez to second
Batting: LHB Michael Neely 0-0: Swinging Strike
0-1: Foul Ball, location: 2F
0-2: Ball
1-2: Foul Ball, location: 2F
1-2: Ground out U3 (Groundball, 34S)
Pedro Vázquez to third
Todd Blake to second
Batting: SHB Eric Moore 0-0: Ball
1-0: Called Strike
1-1: Ball
2-1: Ball
3-1: Foul Ball, location: 2F
3-2: Base on Balls
Batting: RHB Allen Williams 0-0: Swinging Strike
0-1: Ball
1-1: Ball
2-1: SINGLE (Flyball, 89S)
Pedro Vázquez scores
Todd Blake to third
Eric Moore to second
Runner from 3rd tries for Home, SAFE, throw made home
Batting: RHB Rick Atkinson 0-0: Swinging Strike
0-1: Foul Ball, location: 2F
0-2: Strikes out swinging
Top of the 7th over - 3 run(s), 4 hit(s), 0 error(s), 2 left on base; Athletic Club KC 8 - Oakland 1
BOTTOM OF THE 7TH
Oakland Oaks batting - Pitching for Athletic Club KC : RHP Juan Torres
Batting: SHB Joaquín Reyes 0-0: Ball
1-0: Called Strike
1-1: Ground out 4-3 (Groundball, 4S)
Batting: SHB Luis Luquín 0-0: Ball
1-0: Swinging Strike
1-1: Swinging Strike
1-2: Ball
2-2: Foul Ball, location: 2F
2-2: Ball
3-2: Strikes out swinging
Batting: LHB Bryce Reilly 0-0: Ball
1-0: Foul Ball, location: 2F
1-1: Ball
2-1: Foul Ball, location: 2F
2-2: Ball
3-2: Strikes out swinging
Bottom of the 7th over - 0 run(s), 0 hit(s), 0 error(s), 0 left on base; Athletic Club KC 8 - Oakland 1
TOP OF THE 8TH
Athletic Club KC batting - Pitching for Oakland Oaks : RHP Carlos Martínez
Batting: RHB Pil-joong Pak 0-0: SINGLE (Line Drive, 8LS)
Batting: RHB Dong-min Cho 0-0: Called Strike
0-1: Grounds into double play, 6-4-3 (Groundball, 6)
Batting: RHB David Edwards 0-0: Swinging Strike
0-1: Foul Ball, location: 2F
0-2: Ball
1-2: Ball
2-2: Fly out, F3 (Popup, 3S)
Top of the 8th over - 0 run(s), 1 hit(s), 0 error(s), 0 left on base; Athletic Club KC 8 - Oakland 1
BOTTOM OF THE 8TH
Oakland Oaks batting - Pitching for Athletic Club KC : RHP Juan Torres
Batting: SHB Orlando Villa 0-0: Foul Ball, location: 2F
0-1: Ball
1-1: Foul Ball, location: 2F
1-2: Ball
2-2: Foul Ball, location: 2F
2-2: Ball
3-2: Ground out 5-3 (Groundball, 56S)
Pitching: RHP Ole Kos
Batting: LHB Todd Henry 0-0: Called Strike
0-1: Ball
1-1: Swinging Strike
1-2: Ball
2-2: Ball
3-2: Foul Ball, location: 2F
3-2: Strikes out swinging
Batting: LHB Jorge Vargas 0-0: Ball
1-0: Ball
2-0: Ball
3-0: Base on Balls
Batting: RHB Micah Coffey 0-0: Called Strike
0-1: Called Strike
0-2: Ball
1-2: Ball
2-2: Ball
3-2: Base on Balls
Jorge Vargas to second
Batting: LHB Edwin Church 0-0: Ball
1-0: Foul Ball, location: 2F
1-1: Ball
2-1: Ball
3-1: Foul Ball, location: 2F
3-2: Strikes out swinging
Bottom of the 8th over - 0 run(s), 0 hit(s), 0 error(s), 2 left on base; Athletic Club KC 8 - Oakland 1
TOP OF THE 9TH
Athletic Club KC batting - Pitching for Oakland Oaks : RHP Carlos Martínez
Batting: SHB Pedro Vázquez 0-0: DOUBLE (Flyball, 89XD)
Batting: RHB Todd Blake 0-0: Foul Ball, location: 2F
0-1: Foul Ball, location: 2F
0-2: Ball
1-2: Strikes out swinging
Batting: LHB Michael Neely 0-0: Called Strike
0-1: Ball
1-1: Ball
Passed Ball!
Pedro Vázquez to third
2-1: SINGLE (Line Drive, 9S)
Pedro Vázquez scores
Batting: SHB Eric Moore 0-0: Ball
1-0: Ball
2-0: Ball
3-0: Base on Balls
Michael Neely to second
Batting: RHB Allen Williams 0-0: Fly out, F4 (Popup, 34D)
Batting: RHB Rick Atkinson 0-0: Ball
1-0: Called Strike
1-1: Ball
2-1: Called Strike
2-2: Strikes out swinging
Top of the 9th over - 1 run(s), 2 hit(s), 0 error(s), 2 left on base; Athletic Club KC 9 - Oakland 1
BOTTOM OF THE 9TH
Oakland Oaks batting - Pitching for Athletic Club KC : RHP Ole Kos
Batting: RHB Simon Yusaf Khel 0-0: Foul Ball, location: 2F
0-1: Ball
1-1: Called Strike
1-2: Strikes out swinging
Batting: SHB Joaquín Reyes 0-0: Ball
1-0: Ball
2-0: Called Strike
2-1: Fly out, F7 (Flyball, 7S)
Batting: SHB Luis Luquín 0-0: Ball
1-0: Called Strike
1-1: Fly out, F2 (Popup, 15)
Bottom of the 9th over - 0 run(s), 0 hit(s), 0 error(s), 0 left on base; Athletic Club KC 9 - Oakland 1
Saturday, May 26th, 2018 - OOTP Baseball 17.12 Build 75